 Dungeon Crawl Stone Soup version 0.30-a0-618-gd6c86c23d0 (webtiles) character file.

Game seed: 18272351726182873627

4242 drugrobin the Martial Artist (level 9, -2/68 HPs)
             Began as a Demigod Delver on Jan 10, 2023.
             Killed from afar by an electric eel (11 damage)
             ... with a bolt of electricity
             ... on level 8 of the Dungeon.
             The game lasted 00:21:33 (7785 turns).

drugrobin the Martial Artist (Demigod Delver)       Turns: 7785, Time: 00:21:34

Health: -2/68      AC: 11    Str: 17    XL:     9   Next: 84%
Magic:  11/11      EV: 14    Int: 12    God:
Gold:   222        SH:  0    Dex: 23    Spells: 1/8 levels left

rFire   . . .      SeeInvis .    c - +1 dagger (venom)
rCold   . . .      Faith    .    (no shield)
rNeg    . . .      Spirit   .    M - +0 troll leather armour
rPois   .          Reflect  .    N - +1 helmet
rElec   .          Harm     .    G - +0 cloak
rCorr   .          Rampage  .    (no gloves)
Will    .....                    (no boots)
Stlth   +++                      K - amulet of magic regeneration
HPRegen 1.11/turn                q - +4 ring of protection
MPRegen 0.52/turn                (no ring)

@: no status effects
A: high MP 1, forlorn, divine attributes
a: no special abilities


You were on level 8 of the Dungeon.
You visited 1 branch of the dungeon, and saw 8 of its levels.

You collected 424 gold pieces.
You spent 202 gold pieces at shops.

Inventory:

Hand Weapons
 b - a +0 sling of draining
 c - a +1 dagger of venom (weapon)
Missiles
 w - 4 atropa-tipped darts
 D - 2 poisoned darts
 J - 8 boomerangs (quivered)
Armour
 k - a +2 ring mail of poison resistance
 u - the +0 robe of Lilun {Str+7}
   (You found it on level 3 of the Dungeon)

   Str:       It affects your strength (+7).
 G - a +0 cloak (worn)
 M - a +0 troll leather armour (worn)
 N - a +1 helmet (worn)
Magical Staves
 A - a staff of air
Jewellery
 q - a +4 ring of protection (left hand)
 K - an amulet of magic regeneration (around neck)
Wands
 d - a wand of polymorph (8)
 f - a wand of digging (3)
 z - a wand of paralysis (26)
 L - a wand of light (6)
Scrolls
 e - 3 scrolls of fog
 h - a scroll of teleportation
 i - 4 scrolls of identify
 l - 3 scrolls of enchant armour {unknown}
 m - 2 scrolls of enchant weapon {unknown}
 o - a scroll of amnesia
 v - a scroll of magic mapping
 x - 2 scrolls of brand weapon
 y - a scroll of vulnerability {unknown}
 B - 2 scrolls of blinking {unknown}
 C - a scroll of noise {unknown}
 F - a scroll of poison
 O - a scroll of immolation {unknown}
Potions
 a - a potion of ambrosia
 g - a potion of haste
 j - 6 potions of curing
 n - a potion of heal wounds {unknown}
 p - 2 potions of brilliance
 r - 3 potions of mutation
 s - a potion of flight {unknown}
 t - 2 potions of might
 E - a potion of attraction {unknown}
 H - a potion of berserk rage {unknown}
 I - a potion of lignification {unknown}


   Skills:
 - Level 2.6 Fighting
 - Level 4.0 Dodging
 - Level 4.5 Stealth
 + Level 14.7 Unarmed Combat
 - Level 4.0 Evocations


You had one spell level left.
You knew the following spells:

 Your Spells              Type           Power      Damage    Failure   Level
a - Beastly Appendage     Tmut           0%         N/A       38%         1
b - Wereblood             Tmut           0%         N/A       52%         2
c - Summon Small Mammal   Summ           0%         N/A       38%         1
d - Spider Form           Tmut/Pois      0%         N/A       77%         3

Your spell library contained the following spells:

 Spells                   Type           Power      Damage    Failure   Level
 Apportation              Tloc           0%         N/A       38%         1
 Freeze                   Ice            0%         1d3       38%         1
 Necrotise                Necr           0%         1d4       38%         1
 Call Canine Familiar     Summ           0%         N/A       77%         3
 Frozen Ramparts          Ice            0%         1d1       77%         3
 Hailstorm                Conj/Ice       0%         3d3       77%         3
 Portal Projectile        Hex/Tloc       0%         N/A       77%         3
 Leda's Liquefaction      Hex/Erth       0%         N/A       99%         4
 Conjure Ball Lightning   Conj/Air       0%         3x3d6     100%        6
 Discord                  Hex            0%         N/A       100%        8
 Disjunction              Tloc           0%         N/A       100%        8


Dungeon Overview and Level Annotations

Branches:
Dungeon (8/15)             Temple (0/1) D:5
   Lair: D:8-11

Shops:
D:3 :   D:4 *   D:6 *

Annotations:
D:7 Pikel


Innate Abilities, Weirdness & Mutations

You have an increased reservoir of magic. (+10% MP)
You shall have no god before yourself.
Your divine heritage dramatically boosts your attributes as you level up.


Message History

The bolt of electricity hits you. You resist.
The bolt of electricity misses the electric eel.
Throw: 3 darts (poison)
Press: ? - help, Shift-Dir - straight line, f - electric eel
Aim: an electric eel (48% to hit)
You throw a poisoned dart.
The poisoned dart barely misses the electric eel.
The poisoned dart completely misses the electric eel.
The electric eel shoots out a bolt of lightning at you!
The bolt of electricity hits you. You resist.
The bolt of electricity misses you.
The bolt of electricity hits the electric eel.
The electric eel completely resists.
The bolt of electricity hits the electric eel.
The electric eel completely resists.
Unknown command.
Unknown command.
Unknown command.
Your +1 dagger of venom begins to drip with poison!
c - a +1 dagger of venom (weapon)
The electric eel shoots out a bolt of lightning at you!
The bolt of electricity hits the electric eel.
The electric eel completely resists.
The bolt of electricity hits you! The bolt of electricity hits you.
The bolt of electricity hits the electric eel.
The electric eel completely resists.
You closely miss the electric eel.
The electric eel shoots out a bolt of lightning at you!
The bolt of electricity hits you. x2
The bolt of electricity hits the electric eel.
The electric eel completely resists.
The bolt of electricity hits the electric eel.
The electric eel completely resists.
You barely miss the electric eel.
The electric eel shoots out a bolt of lightning at you!
The bolt of electricity hits the electric eel.
The electric eel completely resists.
The bolt of electricity hits you!
* * * LOW HITPOINT WARNING * * *
The bolt of electricity hits you!
You die...

~.~.~~...~.##
#...>.....##
~.~.~~~....#
#...........
~.~.≈≈~.~..
#..........# ~≈~~...
#.........#. ~≈≈..~.
#........... ≈≈≈≈~?.
##...#...... .~~≈~..###
#..###.#...# ..≈≈≈~...#
#....#.#..## (~~≈≈SS@.#
#..#.#.#).## ..≈≈≈≈~#.#
#..#|#.#..#
.~≈≈≈≈≈#.####..#.†.#..#
.~~~≈≈≈#.....÷.#####.##
~.~≈≈≈~#..####......##
≈≈~≈~~≈.....######..###
≈≈≈~..~.....# #....#
≈≈≈~............
#....## S~~........####
#.....#


You could see 2 electric eels.

Vanquished Creatures
  A cane toad (D:8)
  A troll (D:7)
  Sigmund (D:5)
  A wyvern (D:8)
  2 steam dragons (D:8)
  2 water moccasins
  Duvessa (D:7)
  An orc warrior (D:6)
  A black bear (D:5)
  An ogre (D:7)
  4 wolves (D:8)
  A centaur (D:7)
  A phantom (D:6)
  4 bullfrogs
  A gnoll sergeant (D:8)
  3 scorpions
  7 wights (D:7)
  Dowan (D:7)
  5 killer bees (D:8)
  An electric eel (D:8)
  7 hounds
  6 jellies
  An orc priest (D:7)
  A gnoll bouda (D:6)
  An iguana (D:5)
  Ijyb (D:3)
  3 orc wizards
  A statue (D:5)
  15 gnolls
  10 adders
  2 shadow imps (D:8)
  An ufetubus (D:7)
  4 worms
  2 dart slugs
  20 orcs
  7 bats
  2 endoplasms (D:2)
  2 giant cockroaches
  2 goblins (D:2)
  11 hobgoblins
  6 quokkas
  7 ball pythons
  10 kobolds
  7 rats
169 creatures vanquished.

Vanquished Creatures (others)
  A plant (D:1)
1 creature vanquished.

Grand Total: 170 creatures vanquished

Notes
Turn   | Place    | Note
-------+----------+-------------------------------------------
     0 | D:5      | drugrobin the Demigod Delver began the quest for the Orb.
     0 | D:5      | Reached XP level 1. HP: 18/18 MP: 3/3
    17 | D:5      | Noticed an iguana
    28 | D:5      | Noticed Sigmund
    36 | D:5      | Noticed a hound
   148 | D:3      | Noticed Ijyb
   201 | D:3      | Reached skill level 2 in Unarmed Combat
   240 | D:3      | Found Appeixte's Book Emporium.
   455 | D:2      | Reached XP level 2. HP: 18/25 MP: 4/4
   664 | D:2      | Reached skill level 3 in Unarmed Combat
   934 | D:1      | Reached XP level 3. HP: 30/30 MP: 5/5
  2048 | D:3      | Reached skill level 4 in Unarmed Combat
  2173 | D:3      | Noticed a scorpion
  2195 | D:3      | Killed a scorpion
  2196 | D:3      | Reached XP level 4. HP: 24/37 MP: 6/6
  2337 | D:3      | Learned a level 1 spell: Beastly Appendage
  2340 | D:3      | Learned a level 2 spell: Wereblood
  2551 | D:3      | Identified the +0 robe of Lilun {Str+7}
  3104 | D:3      | Killed Ijyb
  3105 | D:3      | Reached skill level 5 in Unarmed Combat
  3105 | D:3      | Reached XP level 5. HP: 40/42 MP: 5/7
  3213 | D:4      | Identified a scroll of acquirement
  3422 | D:4      | Found Alogh's Assorted Antiques.
  3651 | D:4      | Reached skill level 6 in Unarmed Combat
  3651 | D:4      | Reached XP level 6. HP: 25/50 MP: 8/8
  3924 | D:4      | Bought a scroll labelled UMOUNO KIUNOF for 30 gold pieces
  3924 | D:4      | Bought a glass wand for 120 gold pieces
  3932 | D:4      | Learned a level 1 spell: Summon Small Mammal
  3963 | D:5      | Reached skill level 1 in Evocations
  4175 | D:5      | Killed Sigmund
  4176 | D:5      | Reached skill level 7 in Unarmed Combat
  4176 | D:5      | Reached XP level 7. HP: 39/56 MP: 9/9
  4447 | D:5      | Found a staircase to the Ecumenical Temple.
  4887 | D:6      | Found Jodetren's General Store.
  5000 | D:6      | Bought a scroll of poison for 52 gold pieces
  5065 | D:6      | Reached skill level 8 in Unarmed Combat
  5173 | D:6      | Reached XP level 8. HP: 62/62 MP: 10/10
  5294 | D:6      | Learned a level 3 spell: Spider Form
  5588 | D:7      | Acquired a manual of Unarmed Combat
  5608 | D:7      | Reached skill level 9 in Unarmed Combat
  5706 | D:7      | Reached skill level 10 in Unarmed Combat
  5987 | D:7      | Reached skill level 11 in Unarmed Combat
  6194 | D:7      | Noticed Duvessa
  6204 | D:7      | Noticed Dowan
  6211 | D:7      | Killed Duvessa
  6214 | D:7      | Killed Dowan
  6387 | D:7      | Noticed Pikel
  6566 | D:7      | Reached skill level 12 in Unarmed Combat
  6819 | D:8      | Reached XP level 9. HP: 67/68 MP: 11/11
  7088 | D:8      | Reached skill level 13 in Unarmed Combat
  7309 | D:8      | a troll changed into a black mamba
  7309 | D:8      | Noticed a black mamba
  7310 | D:8      | a black mamba changed into a cane toad
  7310 | D:8      | Noticed a cane toad
  7316 | D:8      | Killed a cane toad
  7317 | D:8      | Reached skill level 14 in Unarmed Combat
  7785 | D:8      | Killed from afar by an electric eel

Illustrated notes

Levels and vault maps discovered:
D:1:      dpeg_arrival_chambers_temple_mockup, layout_rooms,
          nicolae_ecumenical_snake_handling, serial_forest,
          infiniplex_forest_end_3, infiniplex_forest_lined_3,
          infiniplex_forest_clump_small, infiniplex_forest_clump_large,
          infiniplex_forest_lined_corner, infiniplex_forest_clump_curved,
          infiniplex_forest_lined_4_way, infiniplex_forest_lined_ring
D:2:      layout_basic, minmay_hexomino_f4
D:3:      minmay_door_path, layout_basic, serial_shops,
          nicolae_shop_statue_plus, uniq_ijyb
D:4:      layout_basic, mainiacjoe_overflow_brackets, dk_xom_monty_hall,
          serial_shops, shop
D:5:      layout_loops_ring, vehumet_statue, temple_green, uniq_sigmund
D:6:      corexii_shack_village, layout_rooms, serial_shops, shop
D:7:      layout_loops_ring, minmay_misc_feat_five, nicolae_water_bricks,
          uniq_pikel, uniq_duvessa
D:8:      layout_rooms, minitemple, erik_lair_island, serial_co_window_serial,
          co_window_corner_a, co_window_paths_a, co_window_corner_a,
          co_window_of_opportunity_a, co_window_of_opportunity_a,
          co_window_of_opportunity_b, co_window_corner_ca, co_window_corner_cb,
          co_window_broadway_a, co_window_paths_e, glass_columns_b,
          glass_columns_b, glass_columns_b

Skill      XL: |  1  2  3  4  5  6  7  8  9 |
---------------+----------------------------+-----
Unarmed Combat | 2 3 4 5 6 7 8 12 14 | 14.7
Evocations     | 2 4 |  4.0
Dodging        | 4 |  4.0
Fighting       | |  2.6
Stealth        | |  4.5

Action                   |  1- 3 |  4- 6 |  7- 9 || total
-------------------------+-------+-------+-------++-------
Melee: Unarmed           |   192 |   104 |   285 ||   581
       Punch             |     4 |     4 |    18 ||    26
       Kick              |       |     4 |    18 ||    22
       Headbutt          |       |     1 |    19 ||    20
       Dagger            |       |    18 |    34 ||    52
       Staff             |       |       |    16 ||    16
 Fire: Sling             |    42 |    43 |    37 ||   122
Throw: Dart              |     4 |     6 |     2 ||    12
       Boomerang         |       |       |     8 ||     8
 Cast: Beastly Appendage |       |     2 |    14 ||    16
       Summon Small Mamm |       |       |     3 ||     3
       Wereblood         |       |       |     2 ||     2
Evoke: Wand              |       |       |     4 ||     4
  Use: Scroll            |     3 |     9 |     1 ||    13
       Potion            |     1 |       |       ||     1
 Stab: Sleeping          |     8 |     5 |     4 ||    17
       Invisible         |       |     2 |       ||     2
Armor: Leather armour    |    18 |       |       ||    18
       Ring mail         |    44 |    34 |    75 ||   153
       Robe              |       |    11 |       ||    11
       Troll leather arm |       |       |    46 ||    46
Dodge: Dodged            |   107 |    65 |   200 ||   372

Table legend: (Time is in decaauts)
 A = Elapsed time spent in this place.
 B = Non-inter-level travel time spent in this place.
 C = Inter-level travel time spent in this place.
 D = Time resting spent in this place.
 E = Time spent auto-exploring this place.
 F = Levels seen in this place.
 G = Mean time per level.
                   A        B        C        D        E       F      G
               +--------+--------+--------+--------+--------+-----+--------+
         Total |   7703 |   7406 |    297 |    537 |   4604 |   8 |  962.9 |
       Dungeon |   7703 |   7406 |    297 |    537 |   4604 |   8 |  962.9 |
               +--------+--------+--------+--------+--------+-----+--------+

Top non-repeatable levels by time:
     D:3: 1481 daAuts
     D:7: 1312 daAuts
     D:2: 918 daAuts
     D:5: 915 daAuts
     D:8: 820 daAuts
     D:6: 799 daAuts
     D:1: 740 daAuts
     D:4: 714 daAuts
